 Dungeon Crawl Stone Soup version 0.29.0-4-gdea44cf6ec (webtiles) character file.

Game seed: 6624051995696150312

2661 qw the Cleaver (level 9, -2/75 (79) HPs)
             Began as a Minotaur Fighter on Sept 4, 2022.
             Was an Initiate of Ru.
             Slain by a wight
             ... wielding a +0 halberd
              (4 damage)
             ... on level 6 of the Dungeon.
             The game lasted 00:02:52 (6042 turns).

qw the Cleaver (Minotaur Fighter)                   Turns: 6042, Time: 00:02:53

HP:   -2/75 (79)    AC: 18    Str: 26    XL:     9   Next: 36%
MP:   8/8           EV:  7    Int:  9    God:    Ru [......]
Gold: 287           SH:  4    Dex:  9    Spells: 8/8 levels left

rFire   . . .      SeeInvis .   Y - +3 war axe
rCold   . . .      Faith    .   c - +0 buckler
rNeg    . . .      Spirit   .   l - +0 plate armour
rPois   +          Reflect  .   (helmet restricted)
rElec   .          Harm     +   j - +2 cloak
rCorr   .          Rampage  .   g - +1 pair of gloves of the Sun {Harm rPois Int+4 Slay+2}
Will    .....                   (no boots)
Stlth   ..........              (no amulet)
HPRegen 0.22/turn               (no ring)
MPRegen 0.11/turn               (no ring)

@: about to teleport, drained
A: horns 2, retaliatory headbutt
a: Renounce Religion


You were on level 6 of the Dungeon.
You worshipped Ru.
Ru was noncommittal.
You visited 2 branches of the dungeon, and saw 7 of its levels.
You also visited: Ossuary.

You collected 287 gold pieces.


Innate Abilities, Weirdness & Mutations

You have a pair of horns on your head.
You reflexively headbutt those who attack you in melee.


   Skills:
 - Level 7.2 Fighting
 + Level 12.7 Axes
 - Level 6.2 Armour
 - Level 2.2 Dodging
 - Level 4.0 Shields


You had 8 spell levels left.
You didn't know any spells.
Your spell library was empty.

Inventory:

Hand Weapons
 n - a +0 flail
 Y - a +3 war axe (weapon)
Armour
 c - a +0 buckler (worn)
 g - the +1 pair of gloves of the Sun (worn) {Harm rPois Int+4 Slay+2}
   (You acquired it on level 5 of the Dungeon)

   Int:       It affects your intelligence (+4).
   Slay:      It affects your accuracy & damage with ranged weapons and melee
   (+2).
   rPois:     It protects you from poison.
   Harm:      It increases damage dealt and taken.
 j - a +2 cloak (worn)
 l - a +0 plate armour (worn)
Scrolls
 e - a scroll of teleportation
 i - a scroll of identify
Potions
 a - 4 potions of curing
 b - a potion of cancellation
 d - 3 potions of might
 f - a potion of heal wounds {unknown}

Dungeon Overview and Level Annotations

Branches:
Dungeon (6/15)             Temple (1/1) D:6         Ossuary (visited)

Altars:
Ashenzari
Dithmenos
Elyvilon
Fedhas
Gozag
Hepliaklqana
Makhleb
Nemelex Xobeh
Okawaru
Qazlal
Ru
Sif Muna
Trog
Uskayaw
Wu Jian
Xom
Yredelemnul
The Shining One

Shops:
D:3 :


Message History

You hit the wight.
The wight is lightly damaged.
The wight hits you from afar with a +6 trident.
The wight hits you with a +1 flail of freezing.
You feel drained. The wight freezes you.
You slash the wight!
The wight is almost destroyed.
The wight hits you from afar with a +6 trident!
You feel drained.
The wight hits you with a +1 flail of freezing.
The wight freezes you. You block the wight's attack.
You completely miss the wight.
The wight is almost destroyed.
The wight barely misses you.
The wight hits you with a +1 flail of freezing.
The wight freezes you. You block the wight's attack.
You barely miss the wight.
You headbutt the wight, but do no damage.
The wight is almost destroyed.
The wight hits you but does no damage. The wight closely misses you.
The wight barely misses you.
You slash the wight!
You destroy the wight!
The wight hits you from afar with a +6 trident.
You feel drained. The wight hits you with a +0 halberd.
You feel drained. The wight hits you with a +6 trident!
You barely miss the wight. You hit the wight but do no damage.
The wight closely misses you. The wight hits you with a +6 trident!
You slice the wight!!
You destroy the wight!
You hit the wight but do no damage. The wight barely misses you.
The electric eel shoots out a bolt of lightning at you!
The bolt of electricity hits you!
6042 ||| READING 2 scrolls of teleportation.
As you read the scroll of teleportation, it crumbles to dust.
You feel strangely unstable. The wight hits you with a +0 halberd!
You feel drained.
You die... #.# #.##.....#..:... #.# #.###...##.##### #.# #.# #...######## #.# #.# ##### #.... ##.# #.# #.### ###..## 777

7###.# #
......7
~7~~~7~...# #
###.#77
~~~~~~~%..# #
#77 ~~~~.~~@).#
.....)).z.#
..........#
.b~~.~~S~7~~
.~~~~~~~~~~~7
..
~~~~~~~~~~~~~~
##.##
~~~~~~~~P~~P~##
#.... ###
~~~~~~~~~77~##
#.... ..# #....


You could see an electric eel and a wight.

Vanquished Creatures
  Grinder (D:4)
  A steam dragon (D:6)
  A sky beast (D:6)
  3 black bears
  A centaur (D:5)
  A kobold brigand (D:6)
  A phantom (D:6)
  An elf zombie (Ossuary)
  2 gnoll sergeants
  5 scorpions
  2 necrophages
  6 wights (D:6)
  2 centaur zombies (Ossuary)
  A hound (D:6)
  2 human zombies (Ossuary)
  An orc priest (D:5)
  2 jellies
  Jessica (D:2)
  4 iguanas
  Natasha (twice) (D:2)
  2 orc wizards (D:5)
  2 mummies (Ossuary)
  Robin (D:2)
  7 adders
  13 gnolls
  A shadow imp (D:6)
  An adder zombie (Ossuary)
  3 worms
  6 orcs
  12 ball pythons
  3 endoplasms
  3 giant cockroaches
  11 goblins
  7 hobgoblins
  4 jackals (D:1)
  7 kobolds
  3 quokkas
  4 bats
  8 frilled lizards
  A goblin zombie (Ossuary)
  13 hobgoblin zombies (Ossuary)
  A jackal zombie (Ossuary)
  6 kobold zombies (Ossuary)
  9 orc zombies (Ossuary)
  6 rats
  A rat zombie (Ossuary)
175 creatures vanquished.

Vanquished Creatures (others)
  17 plants (D:6)
17 creatures vanquished.

Grand Total: 192 creatures vanquished

Notes
Turn   | Place    | Note
-------+----------+-------------------------------------------
     0 | D:1      | qw the Minotaur Fighter began the quest for the Orb.
     0 | D:1      | Reached XP level 1. HP: 19/19 MP: 0/0
     0 | D:1      | 0 ||| qw: Version: 0.1-a-103-gd6f5d3a
     0 | D:1      | 0 ||| qw: Game counter: 5562
     0 | D:1      | 0 ||| qw: Always use a shield: true
     0 | D:1      | 0 ||| qw: God list: Ru
     0 | D:1      | 0 ||| qw: Allow faded altars: false
     0 | D:1      | 0 ||| qw: Do Orc after D:15 true
     0 | D:1      | 0 ||| qw: Do second Lair branch before Depths: true
     0 | D:1      | 0 ||| qw: Lair rune preference: random
     0 | D:1      | 0 ||| qw: Plans: Normal
     0 | D:1      | 0 ||| PLANNING D:1-11
   136 | D:1      | Reached skill level 3 in Axes
   270 | D:1      | 270 ||| Stepping ~*~*~tactically~*~*~ (stealth).
   271 | D:1      | 271 ||| Stepping ~*~*~tactically~*~*~ (stealth).
   282 | D:1      | Reached XP level 2. HP: 22/26 MP: 1/1
   733 | D:1      | Found a faded altar of an unknown god.
   791 | D:1      | Reached skill level 4 in Axes
   791 | D:1      | Reached XP level 3. HP: 28/31 MP: 2/2
   925 | D:1      | 925 ||| READING scroll labelled QEIMOG UNA.
   926 | D:1      | 926 ||| READING scroll labelled WOGEAL UBLIE.
   927 | D:1      | 927 ||| Stepping randomly (stuck).
   928 | D:1      | 928 ||| Stepping randomly (stuck).
   929 | D:1      | 929 ||| Stepping randomly (stuck).
   930 | D:1      | 930 ||| Stepping ~*~*~tactically~*~*~ (cloud).
  1135 | D:2      | Noticed Natasha
  1138 | D:2      | Killed Natasha
  1139 | D:2      | Reached skill level 5 in Axes
  1269 | D:2      | 1269 ||| Stepping ~*~*~tactically~*~*~ (stealth).
  1287 | D:2      | 1287 ||| Stepping ~*~*~tactically~*~*~ (stealth).
  1300 | D:2      | 1300 ||| Stepping ~*~*~tactically~*~*~ (stealth).
  1311 | D:2      | Reached skill level 1 in Dodging
  1327 | D:2      | Noticed Natasha
  1328 | D:2      | 1328 ||| Stepping ~*~*~tactically~*~*~ (stealth).
  1329 | D:2      | 1329 ||| Stepping ~*~*~tactically~*~*~ (stealth).
  1333 | D:2      | 1333 ||| Stepping ~*~*~tactically~*~*~ (stealth).
  1334 | D:2      | 1334 ||| Stepping ~*~*~tactically~*~*~ (stealth).
  1340 | D:2      | 1340 ||| Stepping ~*~*~tactically~*~*~ (stealth).
  1505 | D:2      | 1505 ||| Stepping ~*~*~tactically~*~*~ (stealth).
  1507 | D:2      | 1507 ||| Stepping ~*~*~tactically~*~*~ (stealth).
  1508 | D:2      | 1508 ||| Stepping ~*~*~tactically~*~*~ (stealth).
  1509 | D:2      | 1509 ||| Stepping ~*~*~tactically~*~*~ (stealth).
  1512 | D:2      | Reached XP level 4. HP: 39/39 MP: 3/3
  1516 | D:2      | 1516 ||| Stepping ~*~*~tactically~*~*~ (stealth).
  1517 | D:2      | Noticed Robin
  1518 | D:2      | 1518 ||| Stepping ~*~*~tactically~*~*~ (hiding).
  1574 | D:2      | Killed Robin
  1744 | D:2      | Killed Natasha
  1827 | D:2      | Noticed Jessica
  1828 | D:2      | 1828 ||| Stepping ~*~*~tactically~*~*~ (hiding).
  1830 | D:2      | 1830 ||| Stepping ~*~*~tactically~*~*~ (hiding).
  1831 | D:2      | 1831 ||| Stepping ~*~*~tactically~*~*~ (hiding).
  1833 | D:2      | 1833 ||| Stepping ~*~*~tactically~*~*~ (hiding).
  1842 | D:2      | Killed Jessica
  1843 | D:2      | Reached skill level 6 in Axes
  1843 | D:2      | Reached XP level 5. HP: 44/45 MP: 4/4
  2145 | D:2      | 2145 ||| UPGRADING to +0 chain mail.
  2155 | D:2      | 2155 ||| DROPPING +0 scale mail.
  2156 | D:2      | 2156 ||| READING scroll labelled HEITHI DEIFOOL.
  2157 | D:2      | 2157 ||| READING scroll labelled ADDIOM QUNAFYE.
  2442 | D:3      | 2442 ||| Stepping ~*~*~tactically~*~*~ (stealth).
  2443 | D:3      | 2443 ||| Stepping ~*~*~tactically~*~*~ (stealth).
  2734 | D:3      | Found Kofewih's Book Emporium.
  2855 | D:3      | 2855 ||| UPGRADING to +2 cloak.
  2860 | D:3      | 2860 ||| READING 2 scrolls labelled DOIL TEFINN.
  2861 | D:3      | 2861 ||| READING scroll of enchant weapon.
  2861 | D:3      | 2861 ||| ENCHANTING +1 war axe.
  2862 | D:3      | 2862 ||| DRINKING 2 black potions.
  2943 | D:4      | 2943 ||| DROPPING +2 vorpal war axe.
  2957 | D:4      | Reached skill level 7 in Axes
  3037 | D:4      | Found a hide-covered altar of Uskayaw.
  3093 | D:4      | Noticed Grinder
  3104 | D:4      | Paralysed by Grinder for 2 turns
  3108 | D:4      | Killed Grinder
  3109 | D:4      | Reached XP level 6. HP: 38/57 MP: 5/5
  3262 | D:4      | Found an opulent altar of Gozag.
  3499 | D:4      | 3499 ||| UPGRADING to +0 plate armour.
  3509 | D:4      | 3509 ||| DROPPING +0 chain mail.
  3510 | D:4      | 3510 ||| READING scroll labelled QESOJO KUYKHI.
  3511 | D:4      | 3511 ||| DRINKING 2 glowing emerald potions.
  3512 | D:4      | 3512 ||| DROPPING potion of flight.
  3521 | D:5      | Entered Level 5 of the Dungeon
  3564 | D:5      | Reached skill level 8 in Axes
  3564 | D:5      | Reached XP level 7. HP: 62/62 MP: 6/6
  3606 | D:5      | 3606 ||| Stepping ~*~*~tactically~*~*~ (stealth).
  3617 | D:5      | 3617 ||| DRINKING 2 potions of curing.
  3617 | D:5      | 3617 ||| (to cure confusion)
  3644 | D:5      | 3644 ||| Stepping ~*~*~tactically~*~*~ (stealth).
  3647 | D:5      | 3647 ||| DROPPING +0 whip.
  3654 | D:5      | 3654 ||| DRINKING potion of curing.
  3654 | D:5      | 3654 ||| (to cure confusion)
  3736 | D:5      | Found a sparkling altar of Nemelex Xobeh.
  3900 | D:5      | Reached skill level 9 in Axes
  4043 | D:5      | Reached XP level 8. HP: 41/70 MP: 7/7
  4247 | D:5      | Reached skill level 10 in Axes
  4263 | D:5      | 4263 ||| READING scroll of enchant weapon.
  4263 | D:5      | 4263 ||| ENCHANTING +2 war axe.
  4274 | D:5      | 4274 ||| Stepping ~*~*~tactically~*~*~ (hiding).
  4279 | D:5      | Reached skill level 6 in Fighting
  4653 | D:5      | 4653 ||| DROPPING +6 ring of intelligence.
  4654 | D:5      | 4654 ||| READING scroll labelled SERODARUUM.
  4655 | D:5      | 4655 ||| READING scroll labelled SYGAME XACUO.
  4656 | D:5      | 4656 ||| READING scroll labelled ICZALY DULAINE.
  4657 | D:5      | 4657 ||| READING scroll labelled OGEICR QYBB.
  4657 | D:5      | Identified a scroll of acquirement
  4657 | D:5      | 4657 ||| ACQUIRING +1 pair of gloves of the Sun {Harm rPois
                  | Int+4 Slay+2}
  4657 | D:5      | Acquired the +1 pair of gloves of the Sun {Harm rPois Int+4
                  | Slay+2}
  4659 | D:5      | 4659 ||| DRINKING 2 yellow potions.
  4660 | D:5      | 4660 ||| UPGRADING to +1 pair of gloves of the Sun {Harm
                  | rPois Int+4 Slay+2}.
  4665 | D:5      | 4665 ||| READING 3 scrolls of identify.
  4665 | D:5      | 4665 ||| IDENTIFYING metallic black potion
  4666 | D:5      | 4666 ||| READING 2 scrolls of identify.
  4666 | D:5      | 4666 ||| IDENTIFYING lumpy sapphire potion
  4667 | D:5      | 4667 ||| DROPPING potion of degeneration.
  4668 | D:5      | 4668 ||| DROPPING potion of berserk rage.
  4669 | D:5      | 4669 ||| DROPPING potion of attraction.
  4727 | D:6      | 4727 ||| PLANNING OSSUARY
  4751 | D:6      | 4751 ||| Stepping ~*~*~tactically~*~*~ (stealth).
  4754 | D:6      | 4754 ||| Stepping ~*~*~tactically~*~*~ (stealth).
  4755 | D:6      | 4755 ||| Stepping ~*~*~tactically~*~*~ (stealth).
  4844 | D:6      | Reached skill level 11 in Axes
  4847 | D:6      | 4847 ||| Stepping ~*~*~tactically~*~*~ (stealth).
  4849 | D:6      | 4849 ||| Stepping ~*~*~tactically~*~*~ (hiding).
  4857 | D:6      | 4857 ||| FLEEEEING.
  4876 | D:6      | 4876 ||| Stepping ~*~*~tactically~*~*~ (cloud).
  4910 | D:6      | 4910 ||| FLEEEEING.
  4911 | D:6      | 4911 ||| FLEEEEING.
  4912 | D:6      | 4912 ||| FLEEEEING.
  4913 | D:6      | 4913 ||| FLEEEEING.
  4914 | D:6      | 4914 ||| FLEEEEING.
  4915 | D:6      | 4915 ||| FLEEEEING.
  4916 | D:6      | 4916 ||| FLEEEEING.
  4917 | D:6      | 4917 ||| FLEEEEING.
  4955 | D:6      | Found a sand-covered staircase.
  4964 | Ossuary  | Entered an ossuary
  5116 | Ossuary  | Reached skill level 12 in Axes
  5211 | Ossuary  | 5211 ||| Stepping ~*~*~tactically~*~*~ (stealth).
  5292 | Ossuary  | 5292 ||| READING 3 scrolls of identify.
  5292 | Ossuary  | 5292 ||| IDENTIFYING fuming yellow potion
  5293 | Ossuary  | 5293 ||| READING 2 scrolls of identify.
  5293 | Ossuary  | 5293 ||| IDENTIFYING fuming red potion
  5294 | Ossuary  | 5294 ||| DROPPING potion of ambrosia.
  5308 | D:6      | 5308 ||| PLANNING D:1-11
  5326 | D:6      | Found a staircase to the Ecumenical Temple.
  5327 | D:6      | 5327 ||| PLANNING TEMPLE
  5342 | Temple   | Entered the Ecumenical Temple
  5342 | Temple   | Found a transporter.
  5342 | Temple   | Found a transporter.
  5344 | Temple   | Found a transporter.
  5344 | Temple   | Found a transporter.
  5354 | Temple   | 5354 ||| PLANNING D:1-11
  5421 | Temple   | Became a worshipper of Ru the Awakened
  5460 | D:6      | Reached skill level 6 in Armour
  5474 | D:6      | 5474 ||| Stepping ~*~*~tactically~*~*~ (stealth).
  5475 | D:6      | 5475 ||| Stepping ~*~*~tactically~*~*~ (stealth).
  5485 | D:6      | Reached XP level 9. HP: 75/75 MP: 8/8
  5516 | D:6      | Found a blossoming altar of Fedhas.
  5516 | D:6      | Found a white marble altar of Elyvilon.
  5634 | D:6      | 5634 ||| Stepping ~*~*~tactically~*~*~ (hiding).
  5677 | D:6      | 5677 ||| FLEEEEING.
  5958 | D:6      | 5958 ||| Stepping ~*~*~tactically~*~*~ (stealth).
  6031 | D:6      | 6031 ||| Stepping ~*~*~tactically~*~*~ (water).
  6041 | D:6      | HP: 10/75 [electric eel/bolt of electricity (14)]
  6042 | D:6      | 6042 ||| READING 2 scrolls of teleportation.
  6042 | D:6      | HP: 2/77 [wight/+0 halberd (9)]
  6042 | D:6      | Slain by a wight

Levels and vault maps discovered:
D:1:      lemuel_arrival_broad_hall, layout_loops_ring,
          shapermc_ecumenical_altar_pompeii
D:2:      layout_loops_cross, hangedman_decor_lopped, minmay_surrounded,
          uniq_crazy_yiuf_cottage, uniq_robin, uniq_jessica, uniq_natasha
D:3:      layout_basic, serial_shops, nicolae_shop_statue_plus
D:4:      layout_rooms, eat_drink_and_be_merry_uskayaw,
          nicolae_gozag_cash_rules_everything_around_me,
          minmay_misc_feat_rugged, abandoned_shop,
          hangedman_abyss_or_decor_slice, uniq_grinder
D:5:      layout_gridville, mainiacjoe_overflow_brackets
D:6:      layout_loops_ring, nicolae_overflow_two_pavilions,
          minmay_temple_entry_butterflies, lightli_ossuary_entry_decrepit_ruins,
          serial_bayou_ford_a, minmay_lizard_king
Temple:   hellmonk_temple_divided_pantheon

Skill      XL: |  1  2  3  4  5  6  7  8  9 |
---------------+----------------------------+-----
Axes           | 3 4 5 6 7 8 9 12 | 12.7
Dodging        | 1 2 |  2.2
Fighting       | 5 6 7 |  7.2
Armour         | 4 6 |  6.2
Shields        | 4 |  4.0

Action                   |  1- 3 |  4- 6 |  7- 9 || total
-------------------------+-------+-------+-------++-------
Melee: War axe           |    69 |    96 |   250 ||   415
       Headbutt          |     7 |    19 |    47 ||    73
Throw: Boomerang         |     2 |    46 |       ||    48
  Use: Scroll            |     2 |     5 |    10 ||    17
       Potion            |       |     2 |     3 ||     5
Armor: Scale mail        |    31 |    10 |       ||    41
       Chain mail        |       |    28 |       ||    28
       Plate armour      |       |     2 |   130 ||   132
Dodge: Dodged            |    29 |    23 |    56 ||   108
Block: Buckler           |     8 |    21 |    40 ||    69

Table legend:
 A = Non-vault XP
 B = Vault XP
 C = Vault XP percentage of total XP
 D = Non-vault monster count
 E = Vault monster count
 F = Vault count percentage of total count
                 A         B        C        D         E       F
            +---------+---------+-------+---------+---------+-------
      Total |    3001 |     801 |  21.1 |     108 |      67 |  38.3
            +---------+---------+-------+---------+---------+-------
        D:1 |      43 |       0 |   0.0 |      19 |       0 |   0.0
        D:2 |      42 |     121 |  74.2 |       6 |      19 |  76.0
        D:3 |      66 |       0 |   0.0 |      15 |       0 |   0.0
        D:4 |     149 |     281 |  65.3 |       9 |       1 |  10.0
        D:5 |    1074 |       0 |   0.0 |      29 |       0 |   0.0
        D:6 |    1627 |      46 |   2.7 |      30 |       8 |  21.1
    Ossuary |       0 |     353 | 100.0 |       0 |      39 | 100.0
            +---------+---------+-------+---------+---------+-------
